 Dungeon Crawl Stone Soup version 0.20.1-1-g8b1a95d (webtiles) character file.

7 Chaoticas the Caller (level 2, 16/19 HPs)
             Began as a Barachi Summoner on July 28, 2017.
             Quit the game on level 1 of the Dungeon.
             The game lasted 00:04:52 (586 turns).

Chaoticas the Caller (Barachi Summoner)              Turns: 586, Time: 00:04:52

Health: 16/19      AC:  2    Str:  9    XL:     2   Next: 4%
Magic:  1/5        EV:  9    Int: 15    God:
Gold:   0          SH:  6    Dex: 12    Spells: 4/5 levels left

rFire    . . .     SeeInvis .   c - +0 short sword
rCold    . . .     Gourm    .   d - +0 shield (curse)
rNeg     . . .     Faith    .   a - +0 robe
rPois    .         Spirit   .   (no helmet)
rElec    .         Reflect  .   (no cloak)
rCorr    .         Harm     .   (no gloves)
MR       .....                  (no boots)
Stlth    ++........             (no amulet)
Regen    0.1/turn               (no ring)
MPRegen  0.1/turn               (no ring)

@: very slightly contaminated, slow
A: +LOS, swims, slowness 1, strong legs 1
a: Hop


You were on level 1 of the Dungeon.
You were not hungry.

You visited 1 branch of the dungeon, and saw 1 of its levels.

Inventory:

Hand Weapons
 c - a +0 short sword (weapon)
   (You took it off a kobold on level 1 of the Dungeon)
Armour
 a - a +0 robe (worn)
 d - a cursed +0 shield (worn)
   (You found it on level 1 of the Dungeon)
Books
 b - a book of Callings
Comestibles
 f - 4 chunks of flesh
 g - 3 fruits
 q - a bread ration


   Skills:
 - Level 2.1 Dodging
 - Level 1.7 Stealth
 * Level 0.7 Shields
 + Level 2.4 Spellcasting
 * Level 5.0 Summonings


You had 4 spell levels left.
You knew the following spells:

 Your Spells              Type           Power        Failure   Level  Hunger
a - Summon Small Mammal   Summ           ###.         17%         1    #......


Dungeon Overview and Level Annotations

Branches:
Dungeon (1/15)

Altars:


Innate Abilities, Weirdness & Mutations

Shadows flee at your approach. (+LOS)
You can swim through water.
You cover ground slowly.
You can hop short distances.


Message History

Your bat misses the hobgoblin.
The hobgoblin hits you but does no damage.
Your bat hits the giant cockroach. You block the hobgoblin's attack.
Your bat barely misses the giant cockroach.
Your quokka bites the hobgoblin.
Your bat hits the hobgoblin but does no damage.
The giant cockroach barely misses you.
Your quokka completely misses the hobgoblin.
Your bat barely misses the hobgoblin.
The giant cockroach bites you.
* * * LOW HITPOINT WARNING * * *
Your quokka bites the hobgoblin.
The hobgoblin dies!
You block the giant cockroach's attack.
You swap places.
Your bat closely misses the giant cockroach.
The giant cockroach closely misses your quokka.
Your quokka bites the giant cockroach. x2
The giant cockroach dies!
You start resting.
Your bat disappears in a puff of smoke!
You swap places.
You see here a giant cockroach corpse.
You butcher the giant cockroach corpse.
f - 4 chunks of flesh (gained 2)
Your quokka disappears in a puff of smoke!
Your quokka disappears in a puff of smoke!
You start resting.
Some of the chunks of flesh in your inventory have rotted away.
The bat hits you but does no damage. The bat hits you but does no damage.
You miscast Summon Small Mammal.
You are very lightly contaminated with residual magic.
Nothing appears to happen.
The bat hits you.
You miscast Summon Small Mammal.
Distant voices call out to you! You block the bat's attack.
You block the bat's attack.
You don't have enough magic to cast that spell.
You block the bat's attack. The bat hits you.
You barely miss the bat. You block the bat's attack.
The bat hits you but does no damage.
You barely miss the bat. The bat hits you but does no damage.
The bat hits your quokka.
You hit the bat. The bat hits you.
Your quokka closely misses the bat.
You hit the bat.
You kill the bat!
You have reached level 2!
You see here a bat corpse.
You butcher the bat corpse.
f - 4 chunks of flesh (gained

1) ######.# #....... #
.......########...#####.##
##.#####.................#
.#.(##....................
.#..##.#)................#
.#..##.########...#####.##
....##.# #..........#
.##.##.# #....>######
.##.##.# #.r@..# .##.##.#
##...#...... .##.##.#
#...#.####. .......#
#...........# ########
#.##.###..#.# # #. .....
### .. ...... ..## .#.
..#.... .⌠.## .#.# .#....


You could see a friendly quokka.

Vanquished Creatures
  A bat (D:1)
1 creature vanquished.

Vanquished Creatures (collateral kills)
  A leopard gecko (D:1)
  A bat (D:1)
  A giant cockroach (D:1)
  A hobgoblin (D:1)
  2 jackals (D:1)
  A kobold (D:1)
  A frilled lizard (D:1)
8 creatures vanquished.

Grand Total: 9 creatures vanquished

Notes
Turn   | Place    | Note
-------+----------+-------------------------------------------
     0 | D:1      | Chaoticas the Barachi Summoner began the quest for the Orb.
     0 | D:1      | Reached XP level 1. HP: 13/13 MP: 3/3
   266 | D:1      | Reached skill level 5 in Summonings
   581 | D:1      | Reached XP level 2. HP: 16/19 MP: 0/5
   586 | D:1      | Quit the game

Skill      XL: |  1 |
---------------+----+-----
Summonings     | 5 |  5.0
Dodging        | |  2.1
Stealth        | |  1.7
Shields        | |  0.7
Spellcasting   | |  2.4

Action                   || total
-------------------------++-------
Melee: Short sword       ||    13
       Unarmed           ||     5
 Cast: Summon Small Mamm ||    10
  Use: Scroll            ||     1
Armor: Robe              ||     6
Dodge: Dodged            ||     8
Block: Shield            ||    11
